 Dungeon Crawl Stone Soup version 0.30.1-3-gfc49f6343a (webtiles) character file.

Game seed: 8103372575501316642

37 Zeor the Trooper (level 3, 10/24 HPs)
             Began as a Gargoyle Monk on July 28, 2023.
             Quit the game on level 2 of the Dungeon.
             The game lasted 00:02:12 (1001 turns).

Zeor the Trooper (Gargoyle Monk)                    Turns: 1001, Time: 00:02:12

Health: 10/24      AC:  5    Str: 16    XL:     3   Next: 41%
Magic:  3/3        EV: 11    Int: 10    God:
Gold:   12         SH:  0    Dex: 12    Spells: 2/2 levels left

rFire   + . .        a - +0 mace
rCold   + . .        d - orb {light}
rNeg    + . .        h - +0 ring mail
rPois   ∞            (no helmet)
rElec   +            (no cloak)
rCorr   +            (no gloves)
SInv    .            (no boots)
Will    .....        (no amulet)
Stlth   +            (no ring)
HPRegen 0.24/turn    (no ring)
MPRegen 0.08/turn

%: no passive effects
@: resistant, glowing
A: sickness immunity, AC +3, negative energy resistance 1, electricity
resistance, torment resistance 1, petrification resistance, deformed body, high
MP 1, passive freeze
a: no special abilities


You were on level 2 of the Dungeon.
You visited 1 branch of the dungeon, and saw 2 of its levels.

You collected 12 gold pieces.

Inventory:

Hand Weapons
 a - a +0 mace (weapon)
Armour
 d - an orb of light (worn)
 h - a +0 ring mail (worn)
Potions
 c - a potion of ambrosia
 e - 2 potions of curing
 g - a potion of flight


   Skills:
 + Level 3.8 Fighting
 + Level 3.7 Maces & Flails
 + Level 2.7 Dodging


You had 2 spell levels left.
You didn't know any spells.
Your spell library was empty.

Dungeon Overview and Level Annotations

Branches:
Dungeon (2/15)

Altars:


Innate Abilities, Weirdness & Mutations

You are immune to sickness and miasma.
Your stone body is resilient. (AC +3)
You are immune to poison.
You resist negative energy. (rN+)
You are resistant to electric shocks. (rElec)
You are resistant to unholy torment.
You are immune to petrification.
Armour fits poorly on your strangely shaped body.
You have an increased reservoir of magic. (+10% MP)
A frigid envelope surrounds you and freezes all who hurt you.


Message History

Found a dagger.
The gnoll barely misses you.
You hit the gnoll.
The gnoll is heavily wounded.
The gnoll closely misses you. The gnoll hits you with a +0 flail.
The gnoll hits you but does no damage. The gnoll barely misses you. x2
The gnoll completely misses you. The gnoll hits you with a +0 flail.
The gnoll attacks as you move away! The gnoll barely misses you.
The quokka bites you but does no damage.
The gnoll hits you but does no damage.
The quokka bites you but does no damage. x2
The gnoll barely misses you. The gnoll attacks as you move away!
The gnoll closely misses you. The quokka closely misses you.
The quokka attacks as you move away!
The quokka bites you but does no damage.
The gnoll attacks as you move away! The gnoll hits you with a +0 flail!
The gnoll attacks as you move away! The gnoll misses you.
The quokka twitches its whiskers.
The gnoll hits you with a +0 flail. The gnoll attacks as you move away!
The gnoll hits you but does no damage.
Found a stone staircase leading down.
The quokka attacks as you move away! The quokka bites you.
The quokka misses you.
You are too injured to fight recklessly!
You barely miss the quokka. The quokka closely misses you.
It was a potion of resistance.
You feel protected.
The quokka twitches its whiskers.
The quokka barely misses you.
You barely miss the quokka. The quokka closely misses you.
The quokka misses you.
It was a potion of mutation.
You feel extremely strange.
You feel more energetic.
Your body twists and deforms.
Your skin feels very cold.
The quokka barely misses you.
You hit the quokka but do no damage. The quokka closely misses you.
You hit the quokka but do no damage. The quokka misses you.
The quokka barely misses you.
Are you sure you want to abandon this character and quit the game? (Confirm with "yes".)

▒∙∙∙∙∙∙▒
▒∙∙∙∙†∙∙▒
▒∙∙∙∙∙∙▒
▒▒▒▒▒▒▒▒▒
▒∙∙∙∙∙∙▒ ∙∙
▒∙∙∙∙∙∙▒
▒∙▒▒∙∙∙∙∙∙▒
▒▒∙∙∙∙∙∙∙∙∙▒


∙∙∙∙∙∙ggg∙∙▒ ∙∙)∙▒▒r▒▒▒▒ ∙∙∙∙ ▒9▒ ∙∙∙∙∙∙∙∙▒ ∙∙∙∙∙▒∙∙▒ ∙∙∙∙ ▒∙∙> ∙∙∙ ▒▒▒▒ ∙∙ ▒
You could see 3 gnolls and a quokka.

Vanquished Creatures
  An adder (D:2)
  2 dart slugs (D:1)
  2 endoplasms (D:1)
  3 giant cockroaches (D:1)
  2 goblins (D:1)
  A quokka (D:1)
  6 ball pythons
  2 bats (D:1)
  A frilled lizard (D:1)
  A kobold (D:1)
  2 rats (D:1)
23 creatures vanquished.

Notes
Turn   | Place    | Note
-------+----------+-------------------------------------------
     0 | D:1      | Zeor the Gargoyle Monk began the quest for the Orb.
     0 | D:1      | Reached XP level 1. HP: 14/14 MP: 1/1
    30 | D:1      | Found a faded altar of an unknown god.
    80 | D:1      | Reached XP level 2. HP: 16/19 MP: 2/2
   748 | D:1      | Reached XP level 3. HP: 24/24 MP: 3/3
   998 | D:2      | Gained mutation: You have an increased reservoir of magic.
                  | (+10% MP) [potion of mutation]
   998 | D:2      | Gained mutation: Armour fits poorly on your strangely
                  | shaped body. [potion of mutation]
   998 | D:2      | Gained mutation: A frigid envelope surrounds you and
                  | freezes all who hurt you. [potion of mutation]
  1001 | D:2      | Quit the game

Illustrated notes

Levels and vault maps discovered:
D:1:      onia_arrival_mini_maze, layout_loops_ring,
          chequers_ecumenical_altar_simple_redux
D:2:      layout_basic

Action                     || total
---------------------------++-------
  Melee: Mace              ||    73
    Use: Scroll            ||     5
         Potion            ||     2
 Armour: Robe              ||    14
         Ring mail         ||    24
  Dodge: Dodged            ||    56
